 Dungeon Crawl Stone Soup version 0.26.1-11-gd32895ea62 (webtiles) character file.

Game seed: 2167281068974123778

1591 dtburroughs the Skirmisher (level 8, -4/67 (73) HPs)
             Began as a Minotaur Berserker on May 18, 2021.
             Was a Priest of Trog.
             Slain by a wight
             ... wielding a cursed +5 spear
              (6 damage)
             ... on level 6 of the Dungeon.
             The game lasted 00:09:12 (7524 turns).

dtburroughs the Skirmisher (Minotaur Berserker)     Turns: 7524, Time: 00:09:13

HP:   -4/67 (73)    AC:  6    Str: 22    XL:     8   Next: 61%
MP:   7/7           EV: 13    Int:  6    God:    Trog [***...]
Gold: 310           SH:  0    Dex: 10    Spells: 7/7 levels left

rFire    . . .     SeeInvis .   k - +0 broad axe
rCold    . . .     Faith    .   (no shield)
rNeg     . . .     Spirit   .   c - +0 ring mail
rPois    .         Reflect  .   (helmet restricted)
rElec    .         Harm     .   (no cloak)
rCorr    .         Rampage  .   (no gloves)
Will     .....                  (no boots)
Stlth    ..........             (no amulet)
HPRegen  0.21/turn              (no ring)
MPRegen  0.10/turn              (no ring)

@: drained
A: retaliatory headbutt, horns 2
a: Renounce Religion, Berserk, Trog's Hand


You were on level 6 of the Dungeon.
You worshipped Trog.
Trog was most pleased with you.
You visited 1 branch of the dungeon, and saw 6 of its levels.

You collected 310 gold pieces.

Inventory:

Hand Weapons
 a - a +0 hand axe
 k - a +0 broad axe (weapon)
 C - a +1 vorpal flail
 E - a cursed -2 battleaxe
Armour
 c - a +0 ring mail (worn)
 v - a +0 leather armour of willpower
Jewellery
 m - a +6 ring of strength {unknown}
 o - an uncursed ring of willpower {unknown}
 q - an uncursed ring of see invisible {unknown}
 w - a +6 ring of intelligence {unknown}
Wands
 u - a wand of disintegration (29)
 x - a wand of acid (7)
 y - a wand of flame (9)
Scrolls
 b - a scroll of amnesia {unknown}
 e - 8 scrolls of remove curse {unknown}
 f - 4 scrolls of fear {unknown}
 h - 3 scrolls of teleportation {unknown}
 l - 5 scrolls of identify {unknown}
 n - a scroll of magic mapping {unknown}
 s - 2 scrolls of enchant armour {unknown}
 B - a scroll of blinking {unknown}
 D - a scroll of immolation {unknown}
 F - 2 scrolls of fog {unknown}
Potions
 d - 2 potions of magic {unknown}
 g - a potion of brilliance {unknown}
 i - 2 potions of heal wounds {unknown}
 j - a potion of lignification {unknown}
 p - 2 potions of haste {unknown}
 r - 4 potions of cancellation {unknown}
 t - 2 potions of flight {unknown}
 z - a potion of attraction {unknown}
 A - 2 potions of curing {unknown}


   Skills:
 + Level 7.4 Fighting
 + Level 7.4 Axes
 + Level 6.9 Armour
 + Level 6.1 Dodging
 + Level 1.2 Evocations


You had 7 spell levels left.
You didn't know any spells.
Your spell library was empty.

Dungeon Overview and Level Annotations

Branches:
Dungeon (6/15)             Temple (0/1) D:5

Altars:
Fedhas
Gozag
Uskayaw


Innate Abilities, Weirdness & Mutations

You reflexively headbutt those who attack you in melee.
You have a pair of horns on your head.


Message History

Your life force feels restored.
The wight hits you with a cursed +5 spear.
You feel drained.
Things that are here:
a +2 halberd; a cursed +0 robe The wight hits you with a cursed +5 spear.
You feel drained.
* * * LOW HITPOINT WARNING * * *
You closely miss the wight.
The wight hits you with a cursed +5 spear!
* * * LOW HITPOINT WARNING * * *
You feel drained.
* * * LOW HITPOINT WARNING * * *
You barely miss the wight.
You headbutt the wight, but do no damage.
The wight hits you with a cursed +5 spear.
* * * LOW HITPOINT WARNING * * *
You hit the wight but do no damage. The wight hits you but does no damage.
The wight hits you with a cursed +5 spear.
You die...

#### #.# #.##.##...#
#.##########.##.####:#
######.#..........##.#
#.#
.......#.#######..##.#
#.# ######.#)# #..##.#
#.# #.#.#
###(.##.####.#
#.#.#####............#
#..†......#..##.######
#.#.##.....@))..#
........####.z####
###......# #..#
###.#.#......#
#.........##
###########


You could see a wight.

Vanquished Creatures
  Eustachio (D:5)
  3 sky beasts
  3 ogres
  A scorpion (D:6)
  3 wights (D:6)
  2 howler monkeys
  A centaur skeleton (D:6)
  A gnoll shaman (D:5)
  A bullfrog skeleton (D:5)
  3 orc priests
  2 orc wizards
  3 worker ants (D:5)
  A hound zombie (D:5)
  A hound skeleton (D:4)
  9 adders
  11 gnolls
  A shadow imp (D:3)
  An ufetubus (D:6)
  An ooze (D:1)
  2 adder skeletons (D:5)
  4 worms
  4 dart slugs
  3 leopard geckos
  28 orcs
  A ball python (D:6)
  3 giant cockroaches
  6 goblins
  4 hobgoblins
  3 quokkas
  A ball python skeleton (D:5)
  6 bats
  10 frilled lizards
  A jackal zombie (D:5)
  6 kobolds
  4 rats
135 creatures vanquished.

Vanquished Creatures (others)
  9 fungi (D:5)
  23 plants (D:5)
32 creatures vanquished.

Grand Total: 167 creatures vanquished

Notes
Turn   | Place    | Note
-------+----------+-------------------------------------------
     0 | D:1      | dtburroughs the Minotaur Berserker began the quest for the
                  | Orb.
     0 | D:1      | Reached XP level 1. HP: 19/19 MP: 0/0
   317 | D:1      | Reached XP level 2. HP: 18/27 MP: 1/1
  1076 | D:2      | Reached XP level 3. HP: 24/33 MP: 2/2
  1745 | D:2      | Reached ** piety under Trog
  1940 | D:2      | Reached XP level 4. HP: 32/40 MP: 3/3
  2742 | D:3      | Reached XP level 5. HP: 27/47 MP: 4/4
  3202 | D:3      | Found an opulent altar of Gozag.
  3603 | D:4      | Reached *** piety under Trog
  3606 | D:4      | Reached skill level 5 in Axes
  3609 | D:4      | Reached skill level 5 in Fighting
  3726 | D:4      | Reached XP level 6. HP: 48/56 MP: 5/5
  4672 | D:5      | Entered Level 5 of the Dungeon
  4720 | D:5      | Reached skill level 5 in Armour
  4722 | D:5      | Reached XP level 7. HP: 28/62 MP: 6/6
  5227 | D:5      | Noticed Eustachio
  5263 | D:5      | Killed Eustachio
  5763 | D:5      | Found a blossoming altar of Fedhas.
  5828 | D:5      | Found a staircase to the Ecumenical Temple.
  5915 | D:5      | Reached skill level 5 in Dodging
  6670 | D:6      | Reached XP level 8. HP: 31/71 MP: 7/7
  7319 | D:6      | Found a hide-covered altar of Uskayaw.
  7454 | D:6      | Reached skill level 1 in Evocations
  7523 | D:6      | HP: 2/67 [wight/cursed +5 spear (6)]
  7524 | D:6      | Slain by a wight

Illustrated notes

Levels and vault maps discovered:
D:1:      scummos_arrival_forest, layout_basic, moated_statue,
          lemuel_old_faithful
D:2:      layout_basic
D:3:      layout_basic, grunt_gozag_breadcrumbs, minmay_quantized
D:4:      layout_basic, kennysheep_generic_room_7
D:5:      layout_loops_ring, minmay_temple_entry_glass, serial_bayou,
          serial_bayou_pond_c, serial_bayou_pond_b, serial_bayou_pond_c,
          serial_bayou_pond_c, fedhas_altar_3, uniq_eustachio
D:6:      layout_loops_ring, eat_drink_and_be_merry_uskayaw

Skill      XL: |  1  2  3  4  5  6  7  8 |
---------------+-------------------------+-----
Fighting       | 4 5 6 7 |  7.4
Axes           | 4 5 6 7 |  7.4
Armour         | 3 4 5 6 |  6.9
Dodging        | 3 4 5 6 |  6.1
Evocations     | 1 |  1.2

Action                   |  1- 3 |  4- 6 |  7- 9 || total
-------------------------+-------+-------+-------++-------
Melee: Hand axe          |    61 |       |       ||    61
       Headbutt          |    10 |    17 |    19 ||    46
       Broad axe         |    10 |   134 |   110 ||   254
Invok: Trog's Hand       |       |     1 |     2 ||     3
       Berserk           |       |     1 |     1 ||     2
Armor: Animal skin       |     1 |       |       ||     1
       Ring mail         |    22 |    36 |    45 ||   103
Dodge: Dodged            |    50 |    91 |    95 ||   236
